 Dungeon Crawl Stone Soup version 0.24-a0-194-g9bee6eb (webtiles) character file.

Game seed: 7868062787685571139

7201 gruber the Markscentaur (level 10, -8/81 HPs)
             Began as a Centaur Hunter on Mar 18, 2019.
             Was an Elder of Okawaru.
             Mangled by a hornet (16 damage)
             ... on level 10 of the Dungeon.
             The game lasted 00:17:45 (10592 turns).

gruber the Markscentaur (Centaur Hunter)           Turns: 10592, Time: 00:17:45

Health: -8/81      AC: 10    Str: 15    XL:     10   Next: 87%
Magic:  9/10       EV: 13    Int: 10    God:    Okawaru [****..]
Gold:   380        SH:  0    Dex: 13    Spells: 9/9 levels left

rFire    . . .     SeeInvis .   a - +1 shortbow
rCold    . . .     Gourm    .   (shield currently unavailable)
rNeg     + . .     Faith    .   w - +2 robe {MR+}
rPois    .         Spirit   .   (no helmet)
rElec    .         Reflect  .   B - +2 cloak
rCorr    .         Harm     .   y - +0 pair of gloves {archery}
MR       +....                  (no barding)
Stlth    ++++......             (no amulet)
HPRegen  0.23/turn              z - ring of positive energy
MPRegen  0.12/turn              M - ring of stealth

@: lethally poisoned (-8 -> -10), heroism, slowed
A: large, hooves 3, deformed body, speed 2, tough skin 3
a: Heroism, Renounce Religion


You were on level 10 of the Dungeon.
You worshipped Okawaru.
Okawaru was greatly pleased with you.
You were not hungry.

You visited 1 branch of the dungeon, and saw 10 of its levels.

You collected 590 gold pieces.
You spent 210 gold pieces at shops.

Inventory:

Hand Weapons
 a - a +1 shortbow (weapon)
 b - a +0 short sword
 u - a +0 trident
Missiles
 d - 110 arrows (quivered)
 F - 4 curare-tipped needles
 P - a throwing net
Armour
 w - a +2 robe of magic resistance (worn)
 y - a +0 pair of gloves of archery (worn)
 B - a +2 cloak (worn)
 C - +0 ice dragon scales
Jewellery
 z - a ring of positive energy (left hand)
 M - a ring of stealth (right hand)
Wands
 G - a wand of clouds (6)
 J - a wand of paralysis (3)
 L - a wand of digging (5)
 O - a wand of iceblast (8)
Scrolls
 h - 9 scrolls of teleportation {unknown}
 i - 4 scrolls of enchant weapon {unknown}
 j - 8 scrolls of identify {unknown}
 l - a scroll of enchant armour {unknown}
 m - 2 scrolls of blinking {unknown}
 p - 3 scrolls of fog {unknown}
 q - 2 scrolls of magic mapping {unknown}
 r - 3 scrolls of amnesia {unknown}
 t - 2 scrolls of noise {unknown}
 E - 2 scrolls of remove curse {unknown}
 K - a scroll of acquirement {unknown}
Potions
 c - 2 potions of degeneration {unknown}
 e - 2 potions of curing
 g - 6 potions of resistance
 k - a potion of berserk rage {unknown}
 n - 2 potions of heal wounds {unknown}
 o - 3 potions of might {unknown}
 s - 2 potions of invisibility
 v - 2 potions of brilliance {unknown}
 x - 3 potions of flight {unknown}
 A - a potion of ambrosia {unknown}
 D - 2 potions of mutation {unknown}
 H - 2 potions of agility {unknown}
 I - 2 potions of cancellation {unknown}
 N - a potion of haste {unknown}
Comestibles
 f - 20 rations


   Skills:
 - Level 5.2(10.2) Fighting
 - Level 4.8(9.8) Polearms
 * Level 18.5(23.5) Bows
 - Level 1.3(6.3) Dodging
 - Level 0.4(5.4) Stealth


You had 9 spell levels left.
You didn't know any spells.
Your spell library contained the following spells:

 Spells                   Type           Power        Failure   Level  Hunger
 Shock                    Conj/Air       #...         36%         1    ##.....
 Swiftness                Chrm/Air       #.......     50%         2    ###....
 Static Discharge         Conj/Air       #.......     75%         3    ####...
 Airstrike                Air            #.........   98%         4    #####..
 Lightning Bolt           Conj/Air       #.........   100%        5    ######.


Dungeon Overview and Level Annotations

Branches:
Dungeon (10/15)              Lair (0/6) D:10            Orc (0/2) D:9
 Temple: D:4-7

Altars:
Ashenzari
Cheibriados
Dithmenos
Elyvilon
Nemelex Xobeh
Okawaru
Qazlal
Uskayaw
Wu Jian
Yredelemnul
The Shining One

Shops:
D:4 [

Annotations:
D:8 2 transporters, MordorOrchid's ghost, novice DsAK
D:10 3 runed translucent doors, Nr616's ghost, novice MiGl


Innate Abilities, Weirdness & Mutations

You have hooves in place of feet.
Armour fits poorly on your strangely shaped body.
You cover ground very quickly.
You have extremely tough skin. (AC +3)


Message History

You shoot an arrow. The arrow barely misses the hornet.
The hornet misses you.
Unknown command.
Unknown command.
Firing (i - inventory. (/) - cycle)
d - 112 arrows (quivered)
Press: ? - help, Shift-Dir - straight line, f/p - hornet
Aim: a hornet (severely wounded)
You shoot an arrow. The arrow barely misses the hornet.
You feel sick. The hornet closely misses you.
Unknown command.
Unknown command.
Firing (i - inventory. (/) - cycle)
d - 111 arrows (quivered)
Press: ? - help, Shift-Dir - straight line, f/p - hornet
Aim: a hornet (severely wounded)
You shoot an arrow. The arrow hits the hornet.
The hornet is almost dead.
The hornet stings you!
* * * LOW HITPOINT WARNING * * *
You feel as though you will be slow longer.
The hornet stings you!
You die...

##.# #...# #..# #(.#..# #..##.
##.# #...# #..# #..#..# #..##.
#.# #...# #..# #..#..# #..##. #.#
#...# #..# #..#..# #..##. #.#
#...# #..# #..#..# #..##. #.#
#...# #..# #..#..# #..##. #.#
#...# #..# #..#..# #..##. #.#
#.).####..####..#(.# #..##.
##.####....>....@y.((((((###.....
.................................
#################################


You could see a hornet.

Vanquished Creatures
  Erica (D:8)
  A two-headed ogre (D:9)
  A gargoyle (D:10)
  2 trolls
  Sigmund (D:4)
  A yak (D:10)
  A porcupine (D:10)
  2 orc warriors
  3 black bears (D:10)
  A sky beast (D:6)
  An ice beast (D:8)
  8 ogres
  2 phantoms
  7 centaurs
  A big kobold (D:8)
  9 bullfrogs
  4 scorpions
  6 killer bees (D:10)
  A howler monkey (D:8)
  8 crimson imps
  A bullfrog zombie (D:4)
  A quasit (D:5)
  2 jellies
  2 bullfrog skeletons
  Crazy Yiuf (D:4)
  5 hounds
  6 orc priests
  A centaur skeleton (D:7)
  6 orc wizards
  An iguana (D:4)
  7 worker ants
  2 hound skeletons (D:8)
  7 gnolls
  8 adders
  A howler monkey skeleton (D:8)
  2 shadow imps
  2 oozes
  An adder skeleton (D:4)
  2 worms
  4 dart slugs
  8 leopard geckos
  37 orcs
  8 bats
  4 giant cockroaches
  2 gnoll zombies (D:4)
  4 goblins
  5 hobgoblins
  13 jackals
  4 kobolds
  A quokka (D:5)
  A ball python (D:4)
  11 frilled lizards
  A jackal zombie (D:7)
  A leopard gecko skeleton (D:6)
  2 quokka skeletons
  3 rats
  3 plants (D:10)
231 creatures vanquished.

Vanquished Creatures (others)
  25 fungi (D:10)
  9 plants
34 creatures vanquished.

Grand Total: 265 creatures vanquished

Notes
Turn   | Place    | Note
-------+----------+-------------------------------------------
     0 | D:1      | gruber the Centaur Hunter began the quest for the Orb.
     0 | D:1      | Reached XP level 1. HP: 17/17 MP: 1/1
   178 | D:1      | Reached XP level 2. HP: 22/25 MP: 2/2
   599 | D:2      | Found a sparkling altar of Nemelex Xobeh.
   663 | D:2      | Reached XP level 3. HP: 7/33 MP: 3/3
  1234 | D:2      | Reached XP level 4. HP: 37/41 MP: 4/4
  1408 | D:3      | Reached skill level 5 in Fighting
  1770 | D:3      | Found a hide-covered altar of Uskayaw.
  1771 | D:3      | Noticed a +0 hand axe
  1771 | D:3      | Noticed a +0 dagger
  1815 | D:3      | Reached XP level 5. HP: 48/48 MP: 5/5
  1985 | D:3      | Reached skill level 6 in Bows
  2212 | D:3      | Reached skill level 1 in Polearms
  2429 | D:4      | Found Hinnaema's Antique Armour Shoppe.
  2496 | D:3      | Reached XP level 6. HP: 32/56 MP: 6/6
  2630 | D:4      | Noticed Sigmund
  2842 | D:4      | Found a runed translucent door.
  2843 | D:4      | Noticed Crazy Yiuf
  2924 | D:4      | Killed Sigmund
  3134 | D:4      | Found a basalt altar of Yredelemnul.
  3240 | D:4      | Bought a pair of embroidered gloves for 210 gold pieces
  3359 | D:4      | Reached XP level 7. HP: 50/61 MP: 7/7
  3563 | D:4      | Found a shadowy altar of Dithmenos.
  3749 | D:4      | Killed Crazy Yiuf
  3853 | D:5      | Entered Level 5 of the Dungeon
  4282 | D:4      | Reached skill level 7 in Bows
  4435 | D:5      | Reached skill level 8 in Bows
  4809 | D:5      | Reached skill level 9 in Bows
  4809 | D:5      | Reached XP level 8. HP: 50/68 MP: 8/8
  5419 | D:5      | Found a shattered altar of Ashenzari.
  5753 | D:6      | Reached skill level 10 in Bows
  5943 | D:6      | Found an ornate altar of the Wu Jian Council.
  5946 | D:6      | Reached skill level 11 in Bows
  6314 | D:6      | Found an iron altar of Okawaru.
  6364 | D:6      | Became a worshipper of Warmaster Okawaru
  6482 | D:7      | Reached skill level 12 in Bows
  6822 | D:7      | Found a snail-covered altar of Cheibriados.
  6939 | D:7      | Reached XP level 9. HP: 74/74 MP: 9/9
  7233 | D:8      | Found a white marble altar of Elyvilon.
  7242 | D:8      | Reached * piety under Okawaru
  7262 | D:8      | Reached skill level 13 in Bows
  7384 | D:8      | Found a glowing golden altar of the Shining One.
  7420 | D:8      | Noticed Erica
  7474 | D:8      | Killed Erica
  7474 | D:8      | Reached skill level 14 in Bows
  7714 | D:8      | Found a transporter.
  7764 | D:8      | Reached skill level 15 in Bows
  7811 | D:8      | Noticed MordorOrchid's ghost (novice DsAK)
  7854 | D:8      | Found a transporter.
  7881 | D:8      | Reached ** piety under Okawaru
  8544 | D:9      | Noticed a troll
  8555 | D:9      | Killed a troll
  8555 | D:9      | Reached XP level 10. HP: 41/81 MP: 10/10
  8698 | D:9      | Found a staircase to the Orcish Mines.
  8766 | D:9      | Reached skill level 16 in Bows
  8951 | D:9      | Noticed a two-headed ogre
  8969 | D:9      | Killed a two-headed ogre
  8969 | D:9      | Reached *** piety under Okawaru
  9020 | D:9      | Found a stormy altar of Qazlal.
  9237 | D:10     | Entered Level 10 of the Dungeon
  9282 | D:10     | Received a gift from Okawaru
  9351 | D:10     | Reached skill level 17 in Bows
  9566 | D:10     | Reached **** piety under Okawaru
  9566 | D:10     | Reached skill level 18 in Bows
  9642 | D:10     | Noticed a gargoyle
  9673 | D:10     | Killed a gargoyle
  9880 | D:10     | Found a staircase to the Lair.
 10195 | D:10     | Received a gift from Okawaru
 10207 | D:10     | Paralysed by a hornet for 2 turns
 10212 | D:10     | Paralysed by a hornet for 1 turns
 10543 | D:10     | Found a runed translucent gate.
 10543 | D:10     | Found a runed translucent gate.
 10543 | D:10     | Found a runed translucent gate.
 10548 | D:10     | Noticed Nr616's ghost (novice MiGl)
 10592 | D:10     | Mangled by a hornet

Levels and vault maps discovered:
D:1:      eino_arrival_water_star, layout_rooms
D:2:      layout_rooms, nemelex_xobeh_ov_fountains_minmay, first_ration,
          minmay_pentomino_r2
D:3:      layout_rooms, dancing_weapons_uskayaw
D:4:      layout_gridville, lemuel_zombie_altar_yredelemnul,
          grunt_dithmenos_shadows, serial_shops, shop_fountains,
          minmay_lizard_king, uniq_crazy_yiuf_cottage, uniq_sigmund
D:5:      layout_basic, overflow_temple_1_default
D:6:      layout_basic, nicolae_overflow_crystal_walls,
          minmay_temple_entry_from_below_a, okawaru_trees_2
D:7:      layout_loops_ring, lemuel_doored_altar
D:8:      layout_loops_corners, elyvilon_altar_1, tso_metal_star,
          gammafunk_ghost_stat_death, uniq_erica
D:9:      layout_basic, lemuel_crystal_altar, david_orc_2
D:10:     layout_long_grid, due_lair_maze_entry_diamond,
          gammafunk_ghost_spectres, blue_anna_alchemist [blue_anna_fruit_fields,
          blue_anna_fruit_fields], minmay_lindwurm_lava, uniq_gastronok

Skill      XL: |  1  2  3  4  5  6  7  8  9 10 |
---------------+-------------------------------+-----
Fighting       | 3 4 5 |  5.2
Bows           | 6 9 12 15 18 | 18.5
Polearms       | 2 4 |  4.8
Dodging        | |  1.3
Stealth        | |  0.4

Action                   |  1- 3 |  4- 6 |  7- 9 | 10-12 || total
-------------------------+-------+-------+-------+-------++-------
Melee: Short sword       |   107 |    56 |       |       ||   163
       Kick              |     7 |    40 |    24 |    29 ||   100
       Trident           |       |   140 |   110 |    61 ||   311
 Fire: Shortbow          |    34 |    40 |   310 |   228 ||   612
Invok: Heroism           |       |       |       |     2 ||     2
  Use: Potion            |       |       |       |     2 ||     2
  Eat: Chunk             |       |     6 |    13 |     3 ||    22
       Ration            |       |       |       |     1 ||     1
Armor: Leather armour    |    68 |    53 |       |       ||   121
       Robe              |       |    13 |    52 |    26 ||    91
Dodge: Dodged            |    84 |    96 |    79 |    43 ||   302

Table legend:
 A = Non-vault XP
 B = Vault XP
 C = Vault XP percentage of total XP
 D = Non-vault monster count
 E = Vault monster count
 F = Vault count percentage of total count
                 A         B        C        D         E       F
            +---------+---------+-------+---------+---------+-------
      Total |    7686 |    2602 |  25.3 |     194 |      34 |  14.9
            +---------+---------+-------+---------+---------+-------
        D:1 |      24 |       0 |   0.0 |      12 |       0 |   0.0
        D:2 |      63 |      19 |  23.2 |      25 |       2 |   7.4
        D:3 |     290 |       0 |   0.0 |      28 |       0 |   0.0
        D:4 |     214 |     336 |  61.1 |      13 |      14 |  51.9
        D:5 |     758 |       0 |   0.0 |      33 |       0 |   0.0
        D:6 |     674 |       0 |   0.0 |      12 |       0 |   0.0
        D:7 |     569 |       0 |   0.0 |      16 |       0 |   0.0
        D:8 |    1523 |     944 |  38.3 |      26 |       1 |   3.7
        D:9 |    1670 |     157 |   8.6 |       8 |       8 |  50.0
       D:10 |    1901 |    1146 |  37.6 |      21 |       9 |  30.0
            +---------+---------+-------+---------+---------+-------
